Diablos vs Remparts
Created - May 3, 2019 at 21:51
Goals
|
Diablos |
0 |
1 |
2 |
3 |
Remparts |
1 |
2 |
3 |
6 |
|
Shots
|
Diablos |
9 |
9 |
9 |
27 |
Remparts |
5 |
12 |
14 |
31 |
|
1st period
1. Remparts , Brandon Mashinter 25 (Ryan Strome 44, Daniel Paille 43) at 13:49
Penalties :
Nikita Nesterov (Don) for Interference (Minor) at 8:31
2nd period
2. Remparts , Nail Yakupov 27 (Max Reinhart 59) at 7:42
3. Remparts , Daniel Paille 52 (Ryan Strome 45, Erik Gustafsson 43) at 15:52
4. Diablos , Nick Spaling 47 (Lars Eller 76) at 19:46
Penalties :
Justin Williams (Que) for Boarding (Minor) at 1:03, Jason Akeson (Don) for Hooking (Minor) at 7:49, Daniel Paille (Que) for Hooking (Minor) at 17:00
3rd period
5. Remparts , Brandon Gormley 18 (Erik Gustafsson 44, Max Reinhart 60) at 5:22 (PP)
6. Remparts , Pontus Aberg 38 (Brandon Gormley 76) at 10:29
7. Remparts , Keaton Thompson 1 (Nail Yakupov 25, Max Reinhart 61) at 12:08
8. Diablos , Corey Trivino 29 (Brian Dumoulin 30) at 13:52
9. Diablos , Bryan Bickell 20 (Tyler Pitlick 34, Nikita Nesterov 1) at 15:35 (PP)
Penalties :
Jiri Sekac (Don) for Hooking (Minor) at 0:42, Cameron Gaunce (Don) for Hooking (Minor) at 5:14, Nail Yakupov (Que) for Hooking (Minor) at 6:24, Justin Williams (Que) for Roughing (Minor) at 14:39, Lars Eller (Don) for Hooking (Minor) at 18:57
Goalie Stats
Andrew Hammond (Don), 25 saves from 31 shots - (0.806), L, 18-20-4, 60:00 minutes
Tyler Plante (Que), 24 saves from 27 shots - (0.889), W, 15-8-3, 60:00 minutes
Players Stats for Diablos
Player Name G A P +/- PIM S H SB GA TA FO MP PP MP PK MP
------------------------------------------------------------------------------------
Andrei Mironov 0 0 0 1 0 0 1 1 0 0 0/0 14:41 0:00 2:41
Barclay Goodrow 0 0 0 0 0 1 1 0 0 0 0/2 9:52 0:22 0:00
Brian Dumoulin 0 1 1 -2 0 1 3 2 0 2 0/0 18:32 4:00 0:10
Bryan Bickell 1 0 1 0 0 2 2 0 0 1 0/0 12:44 3:03 1:29
Cameron Gaunce 0 0 0 -2 2 2 0 3 1 1 0/0 26:55 3:53 4:08
Corey Trivino 1 0 1 -2 0 4 1 2 0 0 12/19 18:41 3:03 3:42
Jason Akeson 0 0 0 -1 2 3 2 0 0 2 0/1 23:14 3:43 1:32
Jiri Sekac 0 0 0 -2 2 2 0 0 0 0 0/0 13:05 0:30 0:16
Jordan Szwarz 0 0 0 0 0 0 0 0 1 0 1/1 2:01 0:00 0:00
Lars Eller 0 1 1 -1 2 1 2 2 0 1 11/26 21:14 3:20 1:49
Marek Zagrapan 0 0 0 -1 0 1 1 0 0 0 2/5 14:27 0:00 0:00
Nick Spaling 1 0 1 -1 0 6 2 1 1 0 2/4 23:20 3:20 3:50
Nikita Nesterov 0 1 1 -2 2 0 0 1 1 0 0/0 21:43 2:53 3:06
Peter Holland 0 0 0 0 0 1 1 0 0 0 2/5 11:49 0:30 1:36
Philip Larsen 0 0 0 -2 0 0 2 5 0 0 0/0 23:09 2:53 1:18
Sergey Tolchinsky 0 0 0 0 0 1 0 0 0 0 0/0 9:22 0:00 0:00
Tyler Pitlick 0 1 1 -1 0 2 1 1 0 0 0/0 12:48 2:48 0:00
Viktor Loov 0 0 0 1 0 0 1 1 0 1 0/0 15:11 0:07 2:51
Players Stats for Remparts
Player Name G A P +/- PIM S H SB GA TA FO MP PP MP PK MP
------------------------------------------------------------------------------------
Anton Zlobin 0 0 0 0 0 0 1 1 0 0 0/0 7:02 0:00 0:00
Brandon Gormley 1 1 2 1 0 8 1 1 2 1 0/0 27:35 3:59 4:27
Brandon Mashinter 1 0 1 1 0 2 2 0 0 0 6/12 17:39 3:24 2:17
Chris Mueller 0 0 0 -1 0 1 1 1 0 0 4/6 10:04 0:00 0:00
Daniel Paille 1 1 2 1 2 2 3 0 0 0 0/1 17:37 3:24 2:37
Erik Gustafsson 0 2 2 2 0 3 2 1 1 1 0/0 24:28 3:59 2:26
Griffin Reinhart 0 0 0 0 0 1 1 1 0 0 0/0 18:05 3:08 0:00
Justin Williams 0 0 0 -1 4 1 1 0 2 0 0/0 10:50 0:05 0:00
Keaton Thompson 1 0 1 2 0 2 1 0 0 0 0/0 11:11 0:00 0:00
Matt Puempel 0 0 0 -1 0 0 2 0 0 0 0/0 11:02 0:00 1:00
Max Reinhart 0 3 3 3 0 2 0 1 1 1 22/39 23:34 3:38 3:30
Michal Jordan 0 0 0 -1 0 0 2 0 0 0 0/0 22:47 3:08 2:26
Mitchell Heard 0 0 0 0 0 1 1 0 0 0 1/2 8:56 0:05 1:30
Nail Yakupov 1 1 2 3 2 5 2 0 0 0 0/2 21:16 3:38 0:35
Niklas Hansson 0 0 0 2 0 0 1 0 0 1 0/0 15:54 0:00 4:27
Pontus Aberg 1 0 1 3 0 2 2 0 1 0 0/0 20:06 3:38 0:00
Roberts Lipsbergs 0 0 0 0 0 0 2 0 0 0 0/0 9:46 0:05 2:17
Ryan Strome 0 2 2 1 0 1 4 0 1 0 0/1 15:11 3:24 0:00
3 Stars
1 - Max Reinhart (Que)
2 - Nail Yakupov (Que)
3 - Pontus Aberg (Que)
Power Play
Diablos - 1 on 4 Attempt(s) - 25.00%
Remparts - 1 on 5 Attempt(s) - 20.00%
Penalty Kill
Diablos - 4 on 5 Attempt(s) - 80.00%
- Score 0 goal in Penalty Kill
Remparts - 3 on 4 Attempt(s) - 75.00%
- Score 0 goal in Penalty Kill
Team Stat
Diablos - Hits : 20 - Faceoff Wins : 30 - Blocked Shots : 19 - Penalty Minutes : 10
Remparts - Hits : 29 - Faceoff Wins : 33 - Blocked Shots : 6 - Penalty Minutes : 8
Official
Referees : Unknown
Linesman : Unknown
Game Notes
Jordan Szwarz is injured at 7:27 of 1st period (Lower Body)
Finance
Level 1 -- Attendance: 1431 (71.55%) -- Ticket Income $42,930
Level 2 -- Attendance: 789 (78.90%) -- Ticket Income $15,780
Total Attendance: 2220 (74.00%)
Total Ticket Income: $58,710
Other Income: $2,936
Total Income: $61,646
Diablos
5 vs 5 Forward
Center Left Wing Right Wing Time % Phy DF OF
1 Lars Eller Nick Spaling Jason Akeson 40 0 2 3
2 Corey Trivino Jiri Sekac Jordan Szwarz 30 0 2 3
3 Marek Zagrapan Bryan Bickell Tyler Pitlick 20 0 2 3
4 Peter Holland Sergey Tolchinsky Barclay Goodrow 10 1 3 1
5 vs 5 Defense
Defense Defense Time % Phy DF OF
1 Cameron Gaunce Philip Larsen 40 0 3 2
2 Nikita Nesterov Brian Dumoulin 30 0 3 2
3 Viktor Loov Andrei Mironov 20 0 3 2
4 Cameron Gaunce Nikita Nesterov 10 0 3 2
PowerPlay Forward
Center Left Wing Right Wing Time % Phy DF OF
1 Lars Eller Nick Spaling Jason Akeson 60 0 0 5
2 Corey Trivino Bryan Bickell Jordan Szwarz 40 0 0 5
PowerPlay Defense
Defense Defense Time % Phy DF OF
1 Cameron Gaunce Brian Dumoulin 60 0 1 4
2 Philip Larsen Nikita Nesterov 40 0 1 4
Penalty Kill 4 Players Forward
Center Wing Time % Phy DF OF
1 Corey Trivino Nick Spaling 60 0 5 0
2 Lars Eller Jason Akeson 40 0 5 0
Penalty Kill 4 Players Defense
Defense Defense Time % Phy DF OF
1 Cameron Gaunce Nikita Nesterov 60 0 5 0
2 Viktor Loov Andrei Mironov 40 0 5 0
Penalty Kill - 3 Players Forward
Forward Time % Phy DF OF
1 Peter Holland 60 0 5 0
2 Lars Eller 40 0 5 0
Penalty Kill - 3 Players Defense
Defense Defense Time % Phy DF OF
1 Cameron Gaunce Philip Larsen 60 0 5 0
2 Viktor Loov Brian Dumoulin 40 0 5 0
4 vs 4 Forward
Center Wing Time % Phy DF OF
1 Marek Zagrapan Jason Akeson 60 0 2 3
2 Lars Eller Jordan Szwarz 40 0 2 3
4 vs 4 Defense
Defense Defense Time % Phy DF OF
1 Cameron Gaunce Viktor Loov 60 0 2 3
2 Philip Larsen Andrei Mironov 40 0 2 3
Last Minutes Offensive
Center Left Wing Right Wing Defense Defense
Lars Eller Nick Spaling Jason Akeson Cameron Gaunce Brian Dumoulin
Last Minutes Defensive
Center Left Wing Right Wing Defense Defense
Lars Eller Nick Spaling Jordan Szwarz Cameron Gaunce Nikita Nesterov
Goaltenders
Starting : Andrew Hammond
Backup : Kristers Gudlevskis
Extra Forwards
Normal : Jordan Szwarz, Marek Zagrapan, Jason Akeson - PP : Jordan Szwarz, Jason Akeson - PK : Nick Spaling
Extra Defensemen
Normal : Brian Dumoulin, Philip Larsen, Nikita Nesterov - PP : Brian Dumoulin - PK : Philip Larsen, Nikita Nesterov
Penalty Shots
Nick Spaling, Jordan Szwarz, Lars Eller, Jiri Sekac, Bryan Bickell
Scratches
Tyler Lewington (Healthy), Tobias Lindberg (Healthy), Andrey Pedan (Healthy), Alex Petrovic (Groin Injury), Charles Hudon (Healthy)
David Musil (Healthy), Danny Kristo (Suspend), Darcy Kuemper (Healthy), Joni Ortio (Healthy)
Remparts
5 vs 5 Forward
Center Left Wing Right Wing Time % Phy DF OF
1 Max Reinhart Pontus Aberg Nail Yakupov 40 1 2 2
2 Brandon Mashinter Daniel Paille Ryan Strome 30 1 2 2
3 Chris Mueller Matt Puempel Justin Williams 20 1 2 2
4 Mitchell Heard Roberts Lipsbergs Anton Zlobin 10 1 2 2
5 vs 5 Defense
Defense Defense Time % Phy DF OF
1 Brandon Gormley Erik Gustafsson 40 1 2 2
2 Griffin Reinhart Michal Jordan 30 1 2 2
3 Niklas Hansson Keaton Thompson 20 1 2 2
4 Brandon Gormley Michal Jordan 10 1 2 2
PowerPlay Forward
Center Left Wing Right Wing Time % Phy DF OF
1 Max Reinhart Pontus Aberg Nail Yakupov 60 1 2 2
2 Brandon Mashinter Daniel Paille Ryan Strome 40 1 2 2
PowerPlay Defense
Defense Defense Time % Phy DF OF
1 Brandon Gormley Erik Gustafsson 60 1 2 2
2 Michal Jordan Griffin Reinhart 40 1 2 2
Penalty Kill 4 Players Forward
Center Wing Time % Phy DF OF
1 Max Reinhart Daniel Paille 60 1 2 2
2 Brandon Mashinter Nail Yakupov 40 1 2 2
Penalty Kill 4 Players Defense
Defense Defense Time % Phy DF OF
1 Brandon Gormley Niklas Hansson 60 1 2 2
2 Michal Jordan Erik Gustafsson 40 1 2 2
Penalty Kill - 3 Players Forward
Forward Time % Phy DF OF
1 Max Reinhart 60 1 2 2
2 Brandon Mashinter 40 1 2 2
Penalty Kill - 3 Players Defense
Defense Defense Time % Phy DF OF
1 Brandon Gormley Niklas Hansson 60 1 2 2
2 Michal Jordan Erik Gustafsson 40 1 2 2
4 vs 4 Forward
Center Wing Time % Phy DF OF
1 Max Reinhart Pontus Aberg 60 1 2 2
2 Brandon Mashinter Nail Yakupov 40 1 2 2
4 vs 4 Defense
Defense Defense Time % Phy DF OF
1 Brandon Gormley Erik Gustafsson 60 1 2 2
2 Michal Jordan Griffin Reinhart 40 1 2 2
Last Minutes Offensive
Center Left Wing Right Wing Defense Defense
Max Reinhart Pontus Aberg Nail Yakupov Brandon Gormley Erik Gustafsson
Last Minutes Defensive
Center Left Wing Right Wing Defense Defense
Max Reinhart Daniel Paille Justin Williams Brandon Gormley Niklas Hansson
Goaltenders
Starting : Tyler Plante
Backup : Jason Missiaen
Extra Forwards
Normal : Ryan Strome, Pontus Aberg, Max Reinhart - PP : Nail Yakupov, Pontus Aberg - PK : Brandon Mashinter
Extra Defensemen
Normal : Griffin Reinhart, Brandon Gormley, Michal Jordan - PP : Griffin Reinhart - PK : Griffin Reinhart, Michal Jordan
Penalty Shots
Daniel Paille, Nail Yakupov, Max Reinhart, Ryan Strome, Pontus Aberg
Scratches
Viktor Baldayev (Healthy), Juuso Ikonen (Healthy), Michael Downing (Healthy), Kyle Platzer (Healthy), Connor Honey (Healthy)
Tim Bozon (Healthy), Igor Bobkov (Healthy), François Brassard (Healthy)
% Time on Ice - Diablos
Lines # - Real PCT - Wanted PCT - Time Play
Normal Forward
1 - 36% - 40% - 16:24
2 - 27% - 30% - 12:19
3 - 17% - 20% - 7:55
4 - 20% - 10% - 9:22
Normal Defense
1 - 40% - 40% - 18:28
2 - 30% - 30% - 13:45
3 - 26% - 20% - 11:55
4 - 4% - 10% - 1:52
PP Forward
1 - 48% - 60% - 3:20
2 - 52% - 40% - 3:33
PP Defense
1 - 58% - 60% - 4:00
2 - 42% - 40% - 2:53
PK Forward
1 - 70% - 60% - 4:59
2 - 30% - 40% - 2:08
PK Defense
1 - 62% - 60% - 4:26
2 - 38% - 40% - 2:41
PK3 Forward
1 - 0% - 60%
2 - 0% - 40%
PK3 Defense
1 - 0% - 60%
2 - 0% - 40%
44 Forward
1 - 0% - 60%
2 - 0% - 40%
44 Defense
1 - 0% - 60%
2 - 0% - 40%
Last Minute Offensive - 0:00
Last Minute Defensive - 0:00
Total
Forward - 60:00
Defense - 60:00
|
% Time on Ice - Remparts
Lines # - Real PCT - Wanted PCT - Time Play
Normal Forward
1 - 37% - 40% - 16:56
2 - 26% - 30% - 11:58
3 - 22% - 20% - 10:04
4 - 15% - 10% - 7:02
Normal Defense
1 - 38% - 40% - 17:24
2 - 32% - 30% - 14:44
3 - 24% - 20% - 11:15
4 - 6% - 10% - 2:37
PP Forward
1 - 52% - 60% - 3:43
2 - 48% - 40% - 3:24
PP Defense
1 - 56% - 60% - 3:59
2 - 44% - 40% - 3:08
PK Forward
1 - 83% - 60% - 5:41
2 - 17% - 40% - 1:12
PK Defense
1 - 65% - 60% - 4:27
2 - 35% - 40% - 2:26
PK3 Forward
1 - 0% - 60%
2 - 0% - 40%
PK3 Defense
1 - 0% - 60%
2 - 0% - 40%
44 Forward
1 - 0% - 60%
2 - 0% - 40%
44 Defense
1 - 0% - 60%
2 - 0% - 40%
Last Minute Offensive - 0:00
Last Minute Defensive - 0:00
Total
Forward - 60:00
Defense - 60:00
|
Play-by-Play
1st period
0:01 of 1st period - Max Reinhart wins face-off versus Lars Eller in neutral zone.
0:07 of 1st period - Icing by Cameron Gaunce.
0:08 of 1st period - Lars Eller wins face-off versus Max Reinhart in Diablos zone.
0:23 of 1st period - Wrist shot by Jason Akeson.
0:23 of 1st period - Shot Misses the Net.
0:35 of 1st period - Wrist shot by Max Reinhart.
0:35 of 1st period - Shot Blocked by Philip Larsen.
0:43 of 1st period - Wrist shot by Max Reinhart.
0:43 of 1st period - Shot Blocked by Lars Eller.
0:45 of 1st period - Slapshot by Brandon Gormley.
0:45 of 1st period - Shot Blocked by Lars Eller.
0:47 of 1st period - Snap shot by Pontus Aberg.
0:47 of 1st period - Shot Misses the Net.
0:49 of 1st period - Slapshot by Erik Gustafsson.
0:49 of 1st period - Shot Blocked by Philip Larsen.
0:51 of 1st period - Slapshot by Brandon Gormley.
0:51 of 1st period - Deflect By Nail Yakupov.
0:51 of 1st period - Shot Blocked by Nick Spaling.
0:51 of 1st period - Puck is out of play.
0:52 of 1st period - Jordan Szwarz wins face-off versus Brandon Mashinter in Diablos zone.
0:52 of 1st period - Jordan Szwarz is hit by Griffin Reinhart.
2:01 of 1st period - Corey Trivino is hit by Daniel Paille and loses puck.
2:56 of 1st period - Snap shot by Marek Zagrapan.
2:56 of 1st period - Deflect By Tyler Pitlick.
2:56 of 1st period - Stopped by Tyler Plante without a rebound.
2:57 of 1st period - Peter Holland wins face-off versus Brandon Mashinter in Remparts zone.
2:58 of 1st period - Wrist shot by Cameron Gaunce.
2:58 of 1st period - Deflect By Brandon Gormley.
2:58 of 1st period - Stopped by Tyler Plante without a rebound.
2:59 of 1st period - Brandon Mashinter wins face-off versus Peter Holland in Remparts zone.
3:04 of 1st period - Cameron Gaunce is hit by Ryan Strome and loses puck.
3:11 of 1st period - Wrist shot by Brandon Gormley.
3:11 of 1st period - Stopped by Andrew Hammond without a rebound.
3:12 of 1st period - Corey Trivino wins face-off versus Max Reinhart in Diablos zone.
4:30 of 1st period - Snap shot by Peter Holland.
4:30 of 1st period - Shot Blocked by Anton Zlobin.
4:32 of 1st period - Wrist shot by Peter Holland.
4:32 of 1st period - Deflect By Barclay Goodrow.
4:32 of 1st period - Stopped by Tyler Plante without a rebound.
4:33 of 1st period - Max Reinhart wins face-off versus Lars Eller in Remparts zone.
5:09 of 1st period - Justin Williams is hit by Lars Eller and loses puck.
5:48 of 1st period - Cameron Gaunce is hit by Roberts Lipsbergs and loses puck.
6:23 of 1st period - Snap shot by Philip Larsen.
6:23 of 1st period - Shot Blocked by Chris Mueller.
7:00 of 1st period - Off-side.
7:01 of 1st period - Mitchell Heard wins face-off versus Lars Eller in neutral zone.
7:08 of 1st period - Snap shot by Mitchell Heard.
7:08 of 1st period - Shot Misses the Net.
7:26 of 1st period - Jordan Szwarz is hit by Pontus Aberg and loses puck.
7:27 of 1st period - Jordan Szwarz from Diablos is injured at 7:27 of 1st period (Lower Body).
7:28 of 1st period - Nick Spaling wins face-off versus Nail Yakupov in Diablos zone.
7:37 of 1st period - Snap shot by Lars Eller.
7:37 of 1st period - Stopped by Tyler Plante without a rebound.
7:38 of 1st period - Max Reinhart wins face-off versus Lars Eller in Remparts zone.
7:50 of 1st period - Snap shot by Nail Yakupov.
7:50 of 1st period - Stopped by Andrew Hammond without a rebound.
7:51 of 1st period - Corey Trivino wins face-off versus Max Reinhart in Diablos zone.
8:02 of 1st period - Slapshot by Corey Trivino.
8:02 of 1st period - Shot Blocked by Erik Gustafsson.
8:23 of 1st period - Snap shot by Lars Eller.
8:23 of 1st period - Shot Misses the Net.
8:31 of 1st period - Minor Penalty to Nikita Nesterov for Interference.
8:32 of 1st period - Corey Trivino wins face-off versus Nail Yakupov in Diablos zone.
9:47 of 1st period - Cameron Gaunce is hit by Erik Gustafsson and loses puck.
10:31 of 1st period - Penalty to Nikita Nesterov is over, Nikita Nesterov is back on ice.
10:38 of 1st period - Michal Jordan is hit by Corey Trivino and loses puck.
10:43 of 1st period - Slapshot by Bryan Bickell.
10:43 of 1st period - Stopped by Tyler Plante without a rebound.
10:44 of 1st period - Chris Mueller wins face-off versus Peter Holland in Remparts zone.
10:49 of 1st period - Snap shot by Justin Williams.
10:49 of 1st period - Shot Misses the Net.
11:15 of 1st period - Icing by Bryan Bickell.
11:16 of 1st period - Max Reinhart wins face-off versus Marek Zagrapan in Diablos zone.
12:11 of 1st period - Snap shot by Justin Williams.
12:11 of 1st period - Shot Misses the Net.
13:00 of 1st period - Off-side.
13:01 of 1st period - Brandon Mashinter wins face-off versus Corey Trivino in neutral zone.
13:08 of 1st period - Slapshot by Ryan Strome.
13:08 of 1st period - Deflect By Brandon Mashinter.
13:08 of 1st period - Shot Blocked by Cameron Gaunce.
13:08 of 1st period - Puck is out of play.
13:09 of 1st period - Lars Eller wins face-off versus Max Reinhart in Diablos zone.
13:49 of 1st period - Snap shot by Brandon Mashinter.
13:49 of 1st period - Goal by Brandon Mashinter - Diablos : 0 - Remparts : 1.
13:50 of 1st period - Max Reinhart wins face-off versus Lars Eller in neutral zone.
14:09 of 1st period - Philip Larsen is hit by Erik Gustafsson and loses puck.
14:22 of 1st period - Snap shot by Justin Williams.
14:22 of 1st period - Stopped by Andrew Hammond without a rebound.
14:23 of 1st period - Corey Trivino wins face-off versus Chris Mueller in Diablos zone.
14:39 of 1st period - Icing by Corey Trivino.
14:40 of 1st period - Brandon Mashinter wins face-off versus Corey Trivino in Diablos zone.
14:55 of 1st period - Snap shot by Ryan Strome.
14:55 of 1st period - Shot Misses the Net.
14:58 of 1st period - Icing by Corey Trivino.
14:59 of 1st period - Corey Trivino wins face-off versus Max Reinhart in Diablos zone.
15:04 of 1st period - Nail Yakupov is hit by Marek Zagrapan and loses puck.
15:09 of 1st period - Wrist shot by Corey Trivino.
15:09 of 1st period - Shot Blocked by Max Reinhart.
15:13 of 1st period - Slapshot by Corey Trivino.
15:13 of 1st period - Shot Misses the Net.
15:15 of 1st period - Wrist shot by Corey Trivino.
15:15 of 1st period - Stopped by Tyler Plante without a rebound.
15:16 of 1st period - Lars Eller wins face-off versus Brandon Mashinter in Remparts zone.
15:21 of 1st period - Wrist shot by Lars Eller.
15:21 of 1st period - Shot Misses the Net.
16:23 of 1st period - Snap shot by Jiri Sekac.
16:23 of 1st period - Stopped by Tyler Plante with a rebound.
16:39 of 1st period - Slapshot by Griffin Reinhart.
16:39 of 1st period - Stopped by Andrew Hammond with a rebound.
17:19 of 1st period - Nikita Nesterov is hit by Ryan Strome.
17:38 of 1st period - Michal Jordan is hit by Viktor Loov and loses puck.
17:55 of 1st period - Michal Jordan is hit by Lars Eller and loses puck.
18:39 of 1st period - Snap shot by Corey Trivino.
18:39 of 1st period - Stopped by Tyler Plante without a rebound.
18:40 of 1st period - Brandon Mashinter wins face-off versus Barclay Goodrow in Remparts zone.
18:44 of 1st period - Off-side.
18:45 of 1st period - Peter Holland wins face-off versus Max Reinhart in neutral zone.
18:48 of 1st period - Erik Gustafsson is hit by Peter Holland and loses puck.
18:57 of 1st period - Snap shot by Nail Yakupov.
18:57 of 1st period - Shot Misses the Net.
19:21 of 1st period - Slapshot by Nikita Nesterov.
19:21 of 1st period - Shot Misses the Net.
19:25 of 1st period - Snap shot by Peter Holland.
19:25 of 1st period - Shot Misses the Net.
19:37 of 1st period - Slapshot by Brian Dumoulin.
19:37 of 1st period - Stopped by Tyler Plante without a rebound.
19:38 of 1st period - Lars Eller wins face-off versus Max Reinhart in Remparts zone.
Goals for this period are 0 for Diablos vs 1 for Remparts.
Shots for this period are 9 for Diablos vs 5 for Remparts.
2nd period
0:01 of 2nd period - Max Reinhart wins face-off versus Nick Spaling in neutral zone.
0:12 of 2nd period - Wrist shot by Max Reinhart.
0:12 of 2nd period - Shot Misses the Net.
0:14 of 2nd period - Slapshot by Michal Jordan.
0:14 of 2nd period - Shot Blocked by Philip Larsen.
0:16 of 2nd period - Snap shot by Michal Jordan.
0:16 of 2nd period - Shot Misses the Net.
0:35 of 2nd period - Wrist shot by Ryan Strome.
0:35 of 2nd period - Stopped by Andrew Hammond with a rebound.
0:47 of 2nd period - Wrist shot by Chris Mueller.
0:47 of 2nd period - Stopped by Andrew Hammond with a rebound.
1:03 of 2nd period - Minor Penalty to Justin Williams for Boarding.
1:04 of 2nd period - Lars Eller wins face-off versus Max Reinhart in Remparts zone.
1:17 of 2nd period - Max Reinhart is hit by Brian Dumoulin and loses puck.
1:38 of 2nd period - Niklas Hansson is hit by Philip Larsen and loses puck.
1:53 of 2nd period - Slapshot by Michal Jordan.
1:53 of 2nd period - Shot Misses the Net.
1:55 of 2nd period - Snap shot by Nail Yakupov.
1:55 of 2nd period - Shot Blocked by Tyler Pitlick.
2:17 of 2nd period - Snap shot by Nick Spaling.
2:17 of 2nd period - Deflect By Jason Akeson.
2:17 of 2nd period - Stopped by Tyler Plante with a rebound.
3:03 of 2nd period - Penalty to Justin Williams is over, Justin Williams is back on ice.
3:07 of 2nd period - Erik Gustafsson is hit by Tyler Pitlick and loses puck.
3:22 of 2nd period - Snap shot by Nail Yakupov.
3:22 of 2nd period - Shot Misses the Net.
3:38 of 2nd period - Icing by Viktor Loov.
3:39 of 2nd period - Chris Mueller wins face-off versus Corey Trivino in Diablos zone.
3:44 of 2nd period - Snap shot by Chris Mueller.
3:44 of 2nd period - Shot Misses the Net.
4:18 of 2nd period - Icing by Nikita Nesterov.
4:19 of 2nd period - Max Reinhart wins face-off versus Barclay Goodrow in Diablos zone.
4:50 of 2nd period - Wrist shot by Ryan Strome.
4:50 of 2nd period - Shot Blocked by Brian Dumoulin.
4:56 of 2nd period - Ryan Strome is hit by Jason Akeson and loses puck.
5:07 of 2nd period - Wrist shot by Marek Zagrapan.
5:07 of 2nd period - Shot Misses the Net.
5:17 of 2nd period - Marek Zagrapan is hit by Brandon Gormley and loses puck.
5:49 of 2nd period - Pontus Aberg is hit by Barclay Goodrow and loses puck.
5:56 of 2nd period - Wrist shot by Peter Holland.
5:56 of 2nd period - Deflect By Sergey Tolchinsky.
5:56 of 2nd period - Stopped by Tyler Plante without a rebound.
5:57 of 2nd period - Corey Trivino wins face-off versus Ryan Strome in Remparts zone.
6:25 of 2nd period - Lars Eller is hit by Nail Yakupov and loses puck.
6:46 of 2nd period - Slapshot by Brandon Gormley.
6:46 of 2nd period - Stopped by Andrew Hammond without a rebound.
6:47 of 2nd period - Marek Zagrapan wins face-off versus Mitchell Heard in Diablos zone.
7:20 of 2nd period - Slapshot by Erik Gustafsson.
7:20 of 2nd period - Stopped by Andrew Hammond with a rebound.
7:22 of 2nd period - Slapshot by Brandon Gormley.
7:22 of 2nd period - Stopped by Andrew Hammond with a rebound.
7:24 of 2nd period - Slapshot by Erik Gustafsson.
7:24 of 2nd period - Shot Blocked by Philip Larsen.
7:26 of 2nd period - Snap shot by Mitchell Heard.
7:26 of 2nd period - Stopped by Andrew Hammond without a rebound.
7:27 of 2nd period - Max Reinhart wins face-off versus Lars Eller in Diablos zone.
7:28 of 2nd period - Wrist shot by Nail Yakupov.
7:28 of 2nd period - Stopped by Andrew Hammond without a rebound.
7:29 of 2nd period - Max Reinhart wins face-off versus Nick Spaling in Diablos zone.
7:40 of 2nd period - Snap shot by Max Reinhart.
7:40 of 2nd period - Shot Misses the Net.
7:42 of 2nd period - Snap shot by Nail Yakupov.
7:42 of 2nd period - Goal by Nail Yakupov - Diablos : 0 - Remparts : 2.
7:43 of 2nd period - Max Reinhart wins face-off versus Lars Eller in neutral zone.
7:49 of 2nd period - Minor Penalty to Jason Akeson for Hooking.
7:50 of 2nd period - Corey Trivino wins face-off versus Max Reinhart in Diablos zone.
7:50 of 2nd period - Corey Trivino is hit by Nail Yakupov.
8:03 of 2nd period - Snap shot by Max Reinhart.
8:03 of 2nd period - Shot Blocked by Corey Trivino.
8:05 of 2nd period - Slapshot by Brandon Gormley.
8:05 of 2nd period - Stopped by Andrew Hammond with a rebound.
8:43 of 2nd period - Snap shot by Cameron Gaunce.
8:43 of 2nd period - Stopped by Tyler Plante with a rebound.
9:49 of 2nd period - Penalty to Jason Akeson is over, Jason Akeson is back on ice.
9:55 of 2nd period - Philip Larsen is hit by Michal Jordan and loses puck.
10:14 of 2nd period - Griffin Reinhart is hit by Brian Dumoulin and loses puck.
10:41 of 2nd period - Niklas Hansson is hit by Philip Larsen and loses puck.
11:13 of 2nd period - Jason Akeson is hit by Brandon Mashinter and loses puck.
12:00 of 2nd period - Wrist shot by Peter Holland.
12:00 of 2nd period - Deflect By Max Reinhart.
12:00 of 2nd period - Stopped by Tyler Plante with a rebound.
12:19 of 2nd period - Marek Zagrapan is hit by Matt Puempel and loses puck.
12:30 of 2nd period - Erik Gustafsson is hit by Nick Spaling and loses puck.
12:54 of 2nd period - Brian Dumoulin is hit by Anton Zlobin and loses puck.
13:09 of 2nd period - Nikita Nesterov is hit by Chris Mueller and loses puck.
13:34 of 2nd period - Lars Eller is hit by Ryan Strome and loses puck.
14:49 of 2nd period - Andrei Mironov is hit by Keaton Thompson and loses puck.
15:26 of 2nd period - Andrei Mironov is hit by Niklas Hansson.
15:36 of 2nd period - Slapshot by Viktor Loov.
15:36 of 2nd period - Shot Blocked by Griffin Reinhart.
15:38 of 2nd period - Snap shot by Jason Akeson.
15:38 of 2nd period - Stopped by Tyler Plante without a rebound.
15:39 of 2nd period - Corey Trivino wins face-off versus Brandon Mashinter in Remparts zone.
15:48 of 2nd period - Wrist shot by Ryan Strome.
15:48 of 2nd period - Shot Blocked by Cameron Gaunce.
15:50 of 2nd period - Wrist shot by Ryan Strome.
15:50 of 2nd period - Shot Misses the Net.
15:52 of 2nd period - Slapshot by Daniel Paille.
15:52 of 2nd period - Goal by Daniel Paille - Diablos : 0 - Remparts : 3.
15:53 of 2nd period - Brandon Mashinter wins face-off versus Marek Zagrapan in neutral zone.
16:20 of 2nd period - Nikita Nesterov is hit by Matt Puempel and loses puck.
16:27 of 2nd period - Wrist shot by Justin Williams.
16:27 of 2nd period - Shot Misses the Net.
17:00 of 2nd period - Minor Penalty to Daniel Paille for Hooking.
17:01 of 2nd period - Max Reinhart wins face-off versus Lars Eller in Remparts zone.
17:01 of 2nd period - Max Reinhart is hit by Nick Spaling.
17:10 of 2nd period - Snap shot by Max Reinhart.
17:10 of 2nd period - Stopped by Andrew Hammond with a rebound.
17:12 of 2nd period - Snap shot by Brandon Mashinter.
17:12 of 2nd period - Stopped by Andrew Hammond with a rebound.
19:00 of 2nd period - Penalty to Daniel Paille is over, Daniel Paille is back on ice.
19:36 of 2nd period - Icing by Griffin Reinhart.
19:37 of 2nd period - Lars Eller wins face-off versus Chris Mueller in Remparts zone.
19:38 of 2nd period - Wrist shot by Nick Spaling.
19:38 of 2nd period - Stopped by Tyler Plante with a rebound.
19:40 of 2nd period - Wrist shot by Nick Spaling.
19:40 of 2nd period - Stopped by Tyler Plante with a rebound.
19:42 of 2nd period - Snap shot by Lars Eller.
19:42 of 2nd period - Deflect By Nick Spaling.
19:42 of 2nd period - Stopped by Tyler Plante with a rebound.
19:44 of 2nd period - Wrist shot by Lars Eller.
19:44 of 2nd period - Shot Misses the Net.
19:46 of 2nd period - Snap shot by Nick Spaling.
19:46 of 2nd period - Goal by Nick Spaling - Diablos : 1 - Remparts : 3.
19:47 of 2nd period - Lars Eller wins face-off versus Max Reinhart in neutral zone.
19:58 of 2nd period - Slapshot by Erik Gustafsson.
19:58 of 2nd period - Shot Misses the Net.
Goals for this period are 1 for Diablos vs 2 for Remparts.
Shots for this period are 9 for Diablos vs 12 for Remparts.
3rd period
0:01 of 3rd period - Lars Eller wins face-off versus Max Reinhart in neutral zone.
0:06 of 3rd period - Snap shot by Nick Spaling.
0:06 of 3rd period - Stopped by Tyler Plante with a rebound.
0:26 of 3rd period - Jiri Sekac is hit by Ryan Strome and loses puck.
0:42 of 3rd period - Minor Penalty to Jiri Sekac for Hooking.
0:43 of 3rd period - Max Reinhart wins face-off versus Corey Trivino in Diablos zone.
2:28 of 3rd period - Cameron Gaunce is hit by Daniel Paille and loses puck.
2:42 of 3rd period - Penalty to Jiri Sekac is over, Jiri Sekac is back on ice.
4:03 of 3rd period - Nikita Nesterov is hit by Justin Williams and loses puck.
4:45 of 3rd period - Wrist shot by Marek Zagrapan.
4:45 of 3rd period - Stopped by Tyler Plante without a rebound.
4:46 of 3rd period - Chris Mueller wins face-off versus Marek Zagrapan in Remparts zone.
5:07 of 3rd period - Wrist shot by Jason Akeson.
5:07 of 3rd period - Shot Misses the Net.
5:09 of 3rd period - Wrist shot by Jiri Sekac.
5:09 of 3rd period - Stopped by Tyler Plante without a rebound.
5:10 of 3rd period - Corey Trivino wins face-off versus Max Reinhart in Remparts zone.
5:14 of 3rd period - Minor Penalty to Cameron Gaunce for Hooking.
5:15 of 3rd period - Max Reinhart wins face-off versus Corey Trivino in Diablos zone.
5:16 of 3rd period - Slapshot by Brandon Gormley.
5:16 of 3rd period - Stopped by Andrew Hammond with a rebound.
5:18 of 3rd period - Slapshot by Max Reinhart.
5:18 of 3rd period - Shot Misses the Net.
5:20 of 3rd period - Snap shot by Erik Gustafsson.
5:20 of 3rd period - Stopped by Andrew Hammond with a rebound.
5:22 of 3rd period - Backhand shot by Brandon Gormley.
5:22 of 3rd period - Deflect By Corey Trivino.
5:22 of 3rd period - Goal by Brandon Gormley - Diablos : 1 - Remparts : 4.
5:23 of 3rd period - Max Reinhart wins face-off versus Lars Eller in neutral zone.
6:13 of 3rd period - Philip Larsen is hit by Michal Jordan.
6:17 of 3rd period - Wrist shot by Jiri Sekac.
6:17 of 3rd period - Shot Misses the Net.
6:19 of 3rd period - Slapshot by Cameron Gaunce.
6:19 of 3rd period - Deflect By Corey Trivino.
6:19 of 3rd period - Stopped by Tyler Plante without a rebound.
6:20 of 3rd period - Corey Trivino wins face-off versus Max Reinhart in Remparts zone.
6:24 of 3rd period - Minor Penalty to Nail Yakupov for Hooking.
6:25 of 3rd period - Max Reinhart wins face-off versus Jason Akeson in Remparts zone.
6:51 of 3rd period - Niklas Hansson is hit by Bryan Bickell and loses puck.
6:58 of 3rd period - Wrist shot by Tyler Pitlick.
6:58 of 3rd period - Shot Misses the Net.
7:12 of 3rd period - Wrist shot by Daniel Paille.
7:12 of 3rd period - Shot Misses the Net.
7:26 of 3rd period - Lars Eller is hit by Roberts Lipsbergs and loses puck.
8:24 of 3rd period - Penalty to Nail Yakupov is over, Nail Yakupov is back on ice.
8:38 of 3rd period - Off-side.
8:39 of 3rd period - Chris Mueller wins face-off versus Peter Holland in neutral zone.
9:03 of 3rd period - Michal Jordan is hit by Jason Akeson and loses puck.
9:20 of 3rd period - Slapshot by Michal Jordan.
9:20 of 3rd period - Shot Blocked by Andrei Mironov.
9:47 of 3rd period - Mitchell Heard is hit by Bryan Bickell and loses puck.
9:54 of 3rd period - Tyler Pitlick is hit by Mitchell Heard and loses puck.
10:22 of 3rd period - Brian Dumoulin is hit by Pontus Aberg and loses puck.
10:27 of 3rd period - Backhand shot by Brandon Gormley.
10:27 of 3rd period - Shot Blocked by Corey Trivino.
10:29 of 3rd period - Wrist shot by Pontus Aberg.
10:29 of 3rd period - Goal by Pontus Aberg - Diablos : 1 - Remparts : 5.
10:30 of 3rd period - Max Reinhart wins face-off versus Lars Eller in neutral zone.
10:37 of 3rd period - Snap shot by Max Reinhart.
10:37 of 3rd period - Deflect By Pontus Aberg.
10:37 of 3rd period - Stopped by Andrew Hammond without a rebound.
10:38 of 3rd period - Max Reinhart wins face-off versus Lars Eller in Diablos zone.
11:09 of 3rd period - Slapshot by Nail Yakupov.
11:09 of 3rd period - Deflect By Philip Larsen.
11:09 of 3rd period - Shot Blocked by Cameron Gaunce.
11:09 of 3rd period - Puck is out of play.
11:10 of 3rd period - Marek Zagrapan wins face-off versus Brandon Mashinter in Diablos zone.
11:21 of 3rd period - Wrist shot by Tyler Pitlick.
11:21 of 3rd period - Stopped by Tyler Plante with a rebound.
11:31 of 3rd period - Tyler Pitlick is hit by Daniel Paille.
11:52 of 3rd period - Slapshot by Daniel Paille.
11:52 of 3rd period - Stopped by Andrew Hammond with a rebound.
11:54 of 3rd period - Slapshot by Erik Gustafsson.
11:54 of 3rd period - Shot Blocked by Brian Dumoulin.
11:56 of 3rd period - Wrist shot by Brandon Mashinter.
11:56 of 3rd period - Shot Misses the Net.
11:58 of 3rd period - Snap shot by Brandon Mashinter.
11:58 of 3rd period - Shot Blocked by Nikita Nesterov.
12:00 of 3rd period - Slapshot by Keaton Thompson.
12:00 of 3rd period - Stopped by Andrew Hammond without a rebound.
12:01 of 3rd period - Max Reinhart wins face-off versus Lars Eller in Diablos zone.
12:06 of 3rd period - Wrist shot by Nail Yakupov.
12:06 of 3rd period - Stopped by Andrew Hammond with a rebound.
12:08 of 3rd period - Slapshot by Keaton Thompson.
12:08 of 3rd period - Goal by Keaton Thompson - Diablos : 1 - Remparts : 6.
12:09 of 3rd period - Lars Eller wins face-off versus Max Reinhart in neutral zone.
12:12 of 3rd period - Slapshot by Cameron Gaunce.
12:12 of 3rd period - Shot Misses the Net.
12:18 of 3rd period - Backhand shot by Erik Gustafsson.
12:18 of 3rd period - Deflect By Lars Eller.
12:18 of 3rd period - Stopped by Andrew Hammond without a rebound.
12:19 of 3rd period - Max Reinhart wins face-off versus Lars Eller in Diablos zone.
12:22 of 3rd period - Snap shot by Pontus Aberg.
12:22 of 3rd period - Shot Misses the Net.
12:24 of 3rd period - Wrist shot by Max Reinhart.
12:24 of 3rd period - Shot Misses the Net.
12:26 of 3rd period - Slapshot by Nail Yakupov.
12:26 of 3rd period - Shot Blocked by Philip Larsen.
12:28 of 3rd period - Slapshot by Nail Yakupov.
12:28 of 3rd period - Shot Misses the Net.
13:16 of 3rd period - Snap shot by Jason Akeson.
13:16 of 3rd period - Stopped by Tyler Plante with a rebound.
13:34 of 3rd period - Snap shot by Pontus Aberg.
13:34 of 3rd period - Shot Misses the Net.
13:42 of 3rd period - Wrist shot by Nail Yakupov.
13:42 of 3rd period - Stopped by Andrew Hammond with a rebound.
13:44 of 3rd period - Snap shot by Nail Yakupov.
13:44 of 3rd period - Shot Misses the Net.
13:46 of 3rd period - Snap shot by Pontus Aberg.
13:46 of 3rd period - Deflect By Max Reinhart.
13:46 of 3rd period - Shot Misses the Net.
13:46 of 3rd period - Puck is out of play.
13:47 of 3rd period - Corey Trivino wins face-off versus Brandon Mashinter in Diablos zone.
13:52 of 3rd period - Snap shot by Corey Trivino.
13:52 of 3rd period - Goal by Corey Trivino - Diablos : 2 - Remparts : 6.
13:53 of 3rd period - Corey Trivino wins face-off versus Daniel Paille in neutral zone.
14:20 of 3rd period - Michal Jordan is hit by Brian Dumoulin and loses puck.
14:25 of 3rd period - Slapshot by Peter Holland.
14:25 of 3rd period - Shot Misses the Net.
14:27 of 3rd period - Wrist shot by Barclay Goodrow.
14:27 of 3rd period - Shot Misses the Net.
14:39 of 3rd period - Minor Penalty to Justin Williams for Roughing.
14:40 of 3rd period - Lars Eller wins face-off versus Max Reinhart in Remparts zone.
14:51 of 3rd period - Snap shot by Nick Spaling.
14:51 of 3rd period - Stopped by Tyler Plante with a rebound.
14:53 of 3rd period - Snap shot by Nick Spaling.
14:53 of 3rd period - Shot Blocked by Brandon Gormley.
14:55 of 3rd period - Wrist shot by Jason Akeson.
14:55 of 3rd period - Deflect By Lars Eller.
14:55 of 3rd period - Shot Misses the Net.
14:55 of 3rd period - Puck is out of play.
14:56 of 3rd period - Max Reinhart wins face-off versus Lars Eller in Remparts zone.
15:25 of 3rd period - Wrist shot by Philip Larsen.
15:25 of 3rd period - Shot Misses the Net.
15:27 of 3rd period - Snap shot by Philip Larsen.
15:27 of 3rd period - Shot Misses the Net.
15:29 of 3rd period - Slapshot by Nikita Nesterov.
15:29 of 3rd period - Shot Misses the Net.
15:35 of 3rd period - Wrist shot by Bryan Bickell.
15:35 of 3rd period - Goal by Bryan Bickell - Diablos : 3 - Remparts : 6.
15:36 of 3rd period - Nick Spaling wins face-off versus Max Reinhart in neutral zone.
15:51 of 3rd period - Slapshot by Brandon Gormley.
15:51 of 3rd period - Stopped by Andrew Hammond with a rebound.
16:48 of 3rd period - Wrist shot by Tyler Pitlick.
16:48 of 3rd period - Shot Misses the Net.
16:53 of 3rd period - Off-side.
16:54 of 3rd period - Max Reinhart wins face-off versus Lars Eller in neutral zone.
17:06 of 3rd period - Snap shot by Pontus Aberg.
17:06 of 3rd period - Shot Misses the Net.
17:08 of 3rd period - Snap shot by Max Reinhart.
17:08 of 3rd period - Stopped by Andrew Hammond with a rebound.
17:10 of 3rd period - Slapshot by Michal Jordan.
17:10 of 3rd period - Shot Blocked by Viktor Loov.
17:44 of 3rd period - Snap shot by Sergey Tolchinsky.
17:44 of 3rd period - Shot Misses the Net.
18:48 of 3rd period - Tyler Pitlick is hit by Brandon Mashinter.
18:54 of 3rd period - Wrist shot by Ryan Strome.
18:54 of 3rd period - Deflect By Brandon Mashinter.
18:54 of 3rd period - Shot Misses the Net.
18:54 of 3rd period - Puck is out of play.
18:55 of 3rd period - Lars Eller wins face-off versus Max Reinhart in Diablos zone.
18:57 of 3rd period - Minor Penalty to Lars Eller for Hooking.
18:58 of 3rd period - Max Reinhart wins face-off versus Corey Trivino in Diablos zone.
19:28 of 3rd period - Slapshot by Brandon Gormley.
19:28 of 3rd period - Stopped by Andrew Hammond without a rebound.
19:29 of 3rd period - Brandon Mashinter wins face-off versus Corey Trivino in Diablos zone.
19:48 of 3rd period - Brandon Mashinter is hit by Andrei Mironov and loses puck.
Goals for this period are 2 for Diablos vs 3 for Remparts.
Shots for this period are 9 for Diablos vs 14 for Remparts.
Back to the Top